 Dungeon Crawl Stone Soup version 0.32-a0-32-g978bd804de (webtiles) character file.

Game seed: 16580170473235513108

6960 Gargoyl the Cleaver (level 11, -2/103 HPs)
             Began as a Gargoyle Berserker on Jan 18, 2024.
             Was an Elder of Trog.
             Slain by Sonja
             ... wielding a +1 short sword of distortion
              (13 damage)
             ... on level 1 of the Lair of Beasts on Jan 20, 2024.
             The game lasted 00:10:16 (7279 turns).

Gargoyl the Cleaver (Gargoyle Berserker)            Turns: 7279, Time: 00:10:18

Health: -2/103     AC: 19    Str: 21    XL:     11   Next: 7%
Magic:  11/11      EV: 12    Int:  8    God:    Trog [****..]
Gold:   462        SH:  0    Dex: 13    Spells: 10/10 levels left

rFire   . . .        c - +0 war axe (chaos)
rCold   + . .        (no shield)
rNeg    + . .        o - +3 ring mail
rPois   ∞            (no helmet)
rElec   +            (no cloak)
rCorr   .            p - +1 pair of gloves
SInv    .            (no boots)
Will    ++...        (no amulet) Stlth
                     m - +4 ring of slaying
HPRegen 1.37/turn    t - ring of protection from cold
MPRegen 0.12/turn

%: no passive effects
@: berserking (expiring), strong-willed (expiring), regenerating (expiring),
very quick
A: sickness immunity, AC +8, negative energy resistance 1, electricity
resistance, torment resistance 1, petrification resistance
a: Renounce Religion, Berserk, Trog's Hand, Brothers in Arms


You were on level 1 of the Lair of Beasts.
You worshipped Trog.
Trog was greatly pleased with you.
You visited 2 branches of the dungeon, and saw 10 of its levels.

You collected 462 gold pieces.

Inventory:

Hand Weapons
 a - a +0 hand axe
 c - a +0 war axe of chaos (weapon)
 A - a +2 trident of draining
Missiles
 b - 2 throwing nets
 g - 9 poisoned darts (quivered)
Armour
 o - a +3 ring mail (worn)
 p - a +1 pair of gloves (worn)
Jewellery
 m - a +4 ring of slaying (left hand)
 t - a ring of protection from cold (right hand)
 B - a ring of protection from fire
Wands
 e - a wand of iceblast (10)
 f - a wand of flame (41)
 r - a wand of mindburst (8)
 u - a wand of polymorph (6)
 w - a wand of paralysis (19)
Scrolls
 i - 2 scrolls of fear
 j - 4 scrolls of teleportation
Potions
 d - 2 potions of magic
 h - a potion of cancellation
 k - a potion of enlightenment
 l - a potion of degeneration {unknown}
 n - a potion of mutation {unknown}
 q - a potion of might {unknown}
 s - a potion of haste {unknown}
 v - a potion of attraction {unknown}
 x - 2 potions of curing {unknown}
 z - 2 potions of lignification {unknown}


   Skills:
 + Level 8.7 Fighting
 + Level 11.4 Axes
 + Level 0.3(7.1) Polearms
 + Level 6.8 Armour
 + Level 4.9 Dodging
 + Level 3.5 Stealth
 + Level 0.7 Unarmed Combat


You had 10 spell levels left.
You didn't know any spells.
Your spell library was empty.

Dungeon Overview and Level Annotations

Branches:
Dungeon (9/15)             Temple (0/1) D:4            Lair (1/5) D:8
    Orc: D:9-12

Altars:
Cheibriados
Dithmenos
Kikubaaqudgha

Annotations:
Lair:1 Sonja


Innate Abilities, Weirdness & Mutations

You are immune to sickness and miasma.
Your stone body is resilient. (AC +8)
You are immune to poison.
You resist negative energy. (rN+)
You are resistant to electric shocks. (rElec)
You are resistant to unholy torment.
You are immune to petrification.


Message History

You feel strong-willed.
Sonja throws a curare-tipped dart.
The curare-tipped dart hits you. You resist. Sonja hits you but does no damage.
Sonja hits you with a +1 short sword of distortion.
Space warps around you.
Sonja hits you with a +1 short sword of distortion.
Space warps around you.
A red film seems to cover your vision as you go berserk!
You feel yourself moving faster!
You feel mighty!
Sonja hits you with a +1 short sword of distortion.
Space warps around you.
Sonja hits you with a +1 short sword of distortion.
Space warps horribly around you!
Sonja hits you with a +1 short sword of distortion.
Space warps horribly around you!
You miss Sonja. Sonja closely misses you.
Sonja hits you with a +1 short sword of distortion.
Space warps around you.
Sonja hits you with a +1 short sword of distortion.
Space warps horribly around you!
* * * LOW HITPOINT WARNING * * *
You miss Sonja. Sonja hits you but does no damage.
You blink.
Unknown command.
You feel a strong urge to attack something.
Sonja casts a spell.
Sonja blinks!
You closely miss Sonja.
You feel the effects of Trog's Hand fading.
Sonja says, "Someone hired me to kill you, but I'm not supposed to say who."
Sonja hits you with a +1 short sword of distortion.
* * * LOW HITPOINT WARNING * * *
Sonja barely misses you. Sonja hits you but does no damage.
You blink.
You feel a strong urge to attack something.
You closely miss Sonja. Sonja hits you but does no damage.
Space warps horribly around you!
* * * LOW HITPOINT WARNING * * *
Sonja completely misses you. Sonja hits you but does no damage.
Space warps horribly around you!
You die...
Sonja takes a bow.

### ##.# ##..## #....##
##.....## .... #.......#
.^.. ##./.....### #..# #
#..........# #..#
#.#......K@..## #..##
..............###...#
#.............##....#
###...........# #..# #
##..........####..## .
#......P.~....P...# ##.
##......≈~...~....####..
###...≈P~...≈~...††.#..
##..~≈....≈≈~####....


You could see Sonja.

Vanquished Creatures
  A hydra (Lair:1)
  Pikel (D:5)
  A cane toad (Lair:1)
  Jeremiah (D:8)
  2 polar bears (D:8)
  2 yaks (D:8)
  A vampire mosquito (Lair:1)
  Menkaure (D:5)
  A water moccasin (D:5)
  Duvessa (D:7)
  A swamp drake (Lair:1)
  2 black bears
  4 orc warriors
  A sky beast (D:8)
  2 ice beasts
  2 ogres
  2 wolves (D:8)
  2 centaurs
  A lemure (D:4)
  2 phantoms
  A gnoll sergeant (D:8)
  3 bullfrogs
  13 wights
  Dowan (D:7)
  7 killer bees (D:8)
  7 howler monkeys
  2 gnoll boudas
  4 hounds
  5 orc priests
  5 jellies
  7 iguanas
  Ijyb (D:5)
  4 orc wizards
  A centaur simulacrum (D:8)
  17 gnolls
  5 adders
  A shadow imp (D:6)
  2 white imps
  A dart slug (D:3)
  25 orcs
  5 ball pythons
  An endoplasm (D:2)
  10 goblins
  2 hobgoblins (D:2)
  3 jackals (D:1)
  6 quokkas
  3 bats
  2 frilled lizards
  A kobold (D:3)
  4 rats
180 creatures vanquished.

Vanquished Creatures (others)
  A human (D:4)
  A killer bee (D:8)
2 creatures vanquished.

Grand Total: 182 creatures vanquished

Notes
Turn   | Place    | Note
-------+----------+-------------------------------------------
     0 | D:1      | Gargoyl the Gargoyle Berserker began the quest for the Orb.
     0 | D:1      | Reached XP level 1. HP: 14/14 MP: 1/1
    61 | D:1      | Found a faded altar of an unknown god.
   207 | D:1      | Reached XP level 2. HP: 6/19 MP: 2/2
   360 | D:1      | Found Yklug's Magic Scroll Shop.
   941 | D:2      | Reached skill level 3 in Axes
  1178 | D:2      | Reached XP level 3. HP: 24/24 MP: 3/3
  2161 | D:3      | Reached XP level 4. HP: 29/29 MP: 4/4
  2211 | D:3      | Noticed a bullfrog
  2219 | D:3      | Killed a bullfrog
  2220 | D:3      | Reached skill level 4 in Axes
  2220 | D:3      | Reached skill level 1 in Stealth
  2220 | D:3      | Reached XP level 5. HP: 33/33 MP: 5/5
  2958 | D:4      | Found an ancient bone altar of Kikubaaqudgha.
  2961 | D:4      | Noticed a human
  2962 | D:4      | Killed a human
  3241 | D:4      | Found a staircase to the Ecumenical Temple.
  3391 | D:4      | Noticed a phantom
  3400 | D:4      | Killed a phantom
  3401 | D:4      | Reached skill level 5 in Axes
  3401 | D:4      | Reached XP level 6. HP: 38/38 MP: 6/6
  3435 | D:4      | Noticed a black bear
  3440 | D:4      | Killed a black bear
  3557 | D:5      | Entered Level 5 of the Dungeon
  3570 | D:5      | Noticed an orc warrior
  3576 | D:5      | Reached ** piety under Trog
  3582 | D:5      | Killed an orc warrior
  3583 | D:5      | Reached XP level 7. HP: 44/44 MP: 7/7
  3606 | D:5      | Noticed Menkaure
  3612 | D:5      | Killed Menkaure
  3613 | D:5      | Reached skill level 6 in Axes
  3661 | D:5      | Noticed Ijyb
  3898 | D:5      | Upgraded the game from 0.32-a0-22-g6ae6769602 to
                  | 0.32-a0-30-gefbe487952
  3898 | D:5      | Upgraded the game from 0.32-a0-30-gefbe487952 to
                  | 0.32-a0-32-g978bd804de
  3968 | D:5      | Killed Ijyb
  4015 | D:5      | You fall into a shaft and drop 1 floor!
  4029 | D:6      | Reached XP level 8. HP: 48/48 MP: 8/8
  4030 | D:6      | Reached skill level 5 in Fighting
  4060 | D:6      | Reached skill level 7 in Axes
  4228 | D:5      | Noticed Pikel
  4239 | D:5      | Paralysed by Pikel for 4 turns
  4250 | D:5      | Killed Pikel
  4662 | D:5      | Reached XP level 9. HP: 55/55 MP: 9/9
  4730 | D:5      | Reached skill level 8 in Axes
  5056 | D:6      | Reached *** piety under Trog
  5384 | D:7      | Reached skill level 9 in Axes
  5575 | D:7      | Found a snail-covered altar of Cheibriados.
  5580 | D:7      | Reached skill level 5 in Armour
  5580 | D:7      | Found a shadowy altar of Dithmenos.
  5597 | D:7      | Noticed Dowan
  5598 | D:7      | Noticed Duvessa
  5604 | D:7      | Killed Dowan
  5608 | D:7      | Killed Duvessa
  5853 | D:7      | Reached XP level 10. HP: 63/63 MP: 10/10
  5919 | D:7      | Reached skill level 10 in Axes
  6321 | D:8      | Noticed Jeremiah
  6326 | D:8      | Killed Jeremiah
  6749 | D:8      | Reached **** piety under Trog
  6781 | D:8      | Reached skill level 11 in Axes
  6830 | D:8      | Found a staircase to the Lair.
  7069 | Lair:1   | Entered Level 1 of the Lair of Beasts
  7069 | Lair:1   | Noticed a cane toad
  7075 | Lair:1   | Killed a cane toad
  7194 | Lair:1   | Noticed an eight-headed hydra
  7207 | Lair:1   | Killed an eight-headed hydra
  7208 | Lair:1   | Reached XP level 11. HP: 69/69 MP: 11/11
  7263 | Lair:1   | Noticed Sonja
  7279 | Lair:1   | Slain by Sonja

Illustrated notes

Levels and vault maps discovered:
D:1:      dpeg_arrival_orchard, layout_basic, serial_curves, eino_curves_02,
          eino_curves_01, serial_shops, nicolae_shop_crystal,
          hellmonk_ecumenical_altar_lost_god, minmay_circled_x
D:2:      layout_basic, serial_co_window_serial, co_window_of_opportunity_a,
          co_window_of_opportunity_a, co_window_of_opportunity_a,
          co_window_of_opportunity_a, co_window_corner_a,
          co_window_unsneaky_path_d, co_window_paths_c, co_window_corner_ca,
          co_window_sun, glass_columns_a, glass_columns_b
D:3:      layout_basic, solitary_fountain, minmay_misc_feat_ornament
D:4:      layout_basic, tgw_kikubaaqudgha, minmay_temple_entry_wispy
D:5:      minmay_chambers_of_threes, layout_basic,
          mainiacjoe_sewer_entry_somewhere_in_here_2, guppyfry_early_orc_mine,
          uniq_pikel, uniq_menkaure, uniq_ijyb
D:6:      layout_rooms
D:7:      layout_basic, chequers_temple_overflow_statue_of_worship,
          kennysheep_generic_room_4, uniq_duvessa
D:8:      layout_rooms, lair_entry_dummy, serial_ice, serial_ice_c,
          serial_ice_b, serial_ice_o, serial_ice_a, uniq_jeremiah
D:9:      layout_basic, hiddenorc2_lemuel, uniq_erica
Lair:1:   layout_cave_pods, gammafunk_ghost_necromancy, pond, uniq_gastronok,
          uniq_sonja

Skill      XL: |  1  2  3  4  5  6  7  8  9 10 |
---------------+-------------------------------+-----
Axes           | 3 4 5 6 7 9 11 | 11.4
Dodging        | 2 3 4 |  4.9
Fighting       | 4 6 7 8 |  8.7
Stealth        | 1 2 3 |  3.5
Armour         | 4 5 6 |  6.8
Polearms       | |  0.3
Unarmed Combat | |  0.7

Action                     |  1- 3 |  4- 6 |  7- 9 | 10-12 || total
---------------------------+-------+-------+-------+-------++-------
  Melee: War axe           |    84 |    62 |   202 |   115 ||   463
         Hand axe          |     2 |       |       |       ||     2
         Punch             |       |     1 |     1 |     3 ||     5
         Unarmed           |       |       |    14 |       ||    14
         Trident           |       |       |       |     6 ||     6
  Throw: Dart              |       |       |       |     1 ||     1
 Invoke: Berserk           |       |     5 |     7 |     6 ||    18
         Trog's Hand       |       |       |     4 |     3 ||     7
    Use: Scroll            |     5 |     3 |     4 |     2 ||    14
   Stab: Sleeping          |       |     2 |     1 |       ||     3
         Confused          |       |       |     1 |       ||     1
 Armour: Animal skin       |    65 |    19 |       |       ||    84
         Ring mail         |       |    18 |   144 |   141 ||   303
         Skin              |       |       |     6 |       ||     6
  Dodge: Dodged            |    61 |    36 |   149 |   114 ||   360

Table legend: (Time is in decaauts)
 A = Elapsed time spent in this place.
 B = Non-inter-level travel time spent in this place.
 C = Inter-level travel time spent in this place.
 D = Time resting spent in this place.
 E = Time spent auto-exploring this place.
 F = Levels seen in this place.
 G = Mean time per level.
                   A        B        C        D        E       F      G
               +--------+--------+--------+--------+--------+-----+--------+
         Total |   7493 |   7074 |    419 |    467 |   5086 |  10 |  749.3 |
       Dungeon |   7274 |   6856 |    418 |    467 |   4919 |   9 |  808.2 |
          Lair |    219 |    219 |      0 |      0 |    166 |   1 |  219.0 |
               +--------+--------+--------+--------+--------+-----+--------+

Top non-repeatable levels by time:
     D:7: 1138 daAuts
     D:2: 1062 daAuts
     D:3: 1034 daAuts
     D:5: 978 daAuts
     D:1: 904 daAuts
     D:4: 877 daAuts
     D:8: 768 daAuts
     D:6: 510 daAuts
  Lair:1: 219 daAuts
     D:9: 1 daAuts
